AoeStats
← pampthehorn

Arabia

512940407Analyzed
1v1 RM · 6d ago on Oct 11, 2026· 14m 28s· 2 players
Game mode
Random Map
Map size
Tiny (2 player)
Population
200
Speed
Normal
Resources
Standard
Victory
Conquest
Starting age
Dark Age
Ending age
Imperial Age
RankedLock teamsTeams togetherTeam positionsShared explorationLock speedFull tech treeHidden civsTurbo modeCheats
Victory
Defeat
🇬🇧 Celts · United Kingdom
444
+17
vs
🇺🇸 Huns · United States
455
-20
pampthehorn
0:41 Loom
12:55 Feudal Age
12:58 Man-at-Arms
13:24 Arson
14:15 Town Watch
14:19 Double-Bit Axe
14:16 Horse Collar
14:44 Scale Mail Armor
peacefrog
0:56 Loom
12:21 Feudal Age
13:20 Double-Bit Axe
14:27 Wheelbarrow
Connection lost

Rejoining the realm…

Still unreachable

The connection could not be restored.

Session expired

The server has moved on; the page needs a fresh start.